 Dungeon Crawl Stone Soup version 0.31.0-9-g3a7656b989 (webtiles) character file.

Game seed: 10749130228962899187

62 Colgate the Poker (level 3, 0/29 HPs)
             Began as a Demonspawn Cinder Acolyte on Jan 30, 2024.
             Was a High Priest of Ignis.
             Succumbed to an adder's poison
             ... on level 3 of the Dungeon.
             The game lasted 00:01:43 (1585 turns).

Colgate the Poker (Demonspawn Cinder Acolyte)       Turns: 1585, Time: 00:01:44

Health: 0/29       AC:  2    Str: 16    XL:     3   Next: 85%
Magic:  4/4        EV: 16    Int: 14    God:    Ignis [*****.]
Gold:   128        SH:  0    Dex:  8    Spells: 4/4 levels left

rFire   + .          .
                       - Unarmed
rCold   . . .        (no shield)
rNeg    . . .        b - +0 robe
rPois   .            (no helmet)
rElec   .            (no cloak)
rCorr   .            (no gloves)
SInv    .            (no boots)
Will    +....        (no amulet)
Stlth   +            g - +5 ring of evasion
HPRegen 0.24/turn    j - ring of willpower
MPRegen 0.09/turn

%: no passive effects
@: lethally poisoned (0 -> -1)
A: claws 2
a: Renounce Religion, Fiery Armour, Foxfire Swarm, Rising Flame


You were on level 3 of the Dungeon.
You worshipped Ignis.
Ignis was extremely pleased with you.
You visited 1 branch of the dungeon, and saw 3 of its levels.

You collected 128 gold pieces.

Inventory:

Hand Weapons
 a - a -1 spear of flaming
Armour
 b - a +0 robe (worn)
 o - a +0 pair of gloves
Jewellery
 g - a +5 ring of evasion (left claw)
 j - a ring of willpower (right claw)
Wands
 n - a wand of digging (7) {@v3}
Scrolls
 d - a scroll of fear {unknown}
 e - 3 scrolls of identify {unknown}
 h - 3 scrolls of enchant armour {unknown}
 i - a scroll of fog {unknown}
 m - a scroll of butterflies {unknown}
 p - a scroll of poison {unknown}
 q - a scroll of teleportation {unknown}
Potions
 c - a potion of brilliance {unknown}
 f - a potion of haste {unknown}
 k - a potion of lignification {unknown}
 l - a potion of heal wounds {unknown}
 r - 2 potions of curing {unknown}
 s - a potion of enlightenment {unknown}


   Skills:
 - Level 3.0 Fighting
 - Level 3.8 Polearms
 + Level 1.8 Unarmed Combat
 - Level 1.0 Spellcasting
 - Level 2.6 Fire Magic


You had 4 spell levels left.
You didn't know any spells.
Your spell library contained the following spells:

 Spells                   Type           Power      Damage    Failure   Level
 Scorch                   Fire           16%        2d5       13%         2
 Jinxbite                 Hex            0%         N/A       36%         2
 Yara's Violent Unravell  Hex/Alch       0%         3d3       100%        5
 Enfeeble                 Hex            0%         N/A       100%        7


Dungeon Overview and Level Annotations

Branches:
Dungeon (3/15)

Altars:

Annotations:
D:3 2 runed translucent doors, Tizio's ghost, amateur MiFi


Innate Abilities, Weirdness & Mutations

You have very sharp fingernails.


Message History

An adder is nearby!
You are too injured to fight recklessly!
An adder is nearby!
You are too injured to fight recklessly!
An adder is nearby!
You are too injured to fight recklessly!
An adder is nearby!
You are too injured to fight recklessly!
An adder is nearby!
You are too injured to fight recklessly!
An adder is nearby!
You are too injured to fight recklessly!
An adder is nearby!
You scratch the adder.
You feel sick. The adder bites you but does no damage.
You barely miss the adder.
You feel sick. The adder completely misses you.
You barely miss the adder.
You feel sick. The adder closely misses you. The adder bites you.
You are more poisoned.
The adder poisons you!
You closely miss the adder.
You feel very sick. The adder closely misses you.
You scratch the adder.
You feel sick. The adder barely misses you.
You barely miss the adder.
You feel sick. The adder barely misses you. The adder bites you.
* * * LOW HITPOINT WARNING * * *
You closely miss the adder.
* * * LOW HITPOINT WARNING * * *
You feel sick. The adder bites you but does no damage.
You barely miss the adder. The adder closely misses you.
You scratch the adder but do no damage.
* * * LOW HITPOINT WARNING * * *
You feel sick. The adder bites you but does no damage.
You barely miss the adder.
* * * LOW HITPOINT WARNING * * *
You feel sick. The adder closely misses you.
The adder bites you but does no damage.
You claw the adder!
You kill the adder!
You die...

### ..# ##### #.#
#...## #.# #..... #.#
#...## #†# ##.###
#@##### ###.#r~
#.#...# #...+FS
#.....# ###.#.#rW
#.....# #.....###
#.##..# #.###..##
#..#..# #.###...#
####.....####.##.....
+......(...).........
####.....####.##.#...


There were no monsters in sight!

Vanquished Creatures
  3 adders
  A dart slug (D:1)
  2 ribbon worms (D:2)
  2 giant cockroaches
  2 goblins (D:1)
  3 hobgoblins
  6 jackals (D:1)
  2 quokkas (D:1)
  5 ball pythons
  6 frilled lizards
  5 kobolds
  3 rats (D:1)
40 creatures vanquished.

Notes
Turn   | Place    | Note
-------+----------+-------------------------------------------
     0 | D:1      | Colgate the Demonspawn Cinder Acolyte began the quest for
                  | the Orb.
     0 | D:1      | Reached XP level 1. HP: 18/18 MP: 2/2
   259 | D:1      | Gained mutation: You have sharp fingernails. [demonic
                  | ancestry]
   259 | D:1      | Reached XP level 2. HP: 22/24 MP: 3/3
   530 | D:1      | Gained mutation: You have very sharp fingernails. [demonic
                  | ancestry]
   530 | D:1      | Reached XP level 3. HP: 28/29 MP: 4/4
   634 | D:2      | Found a faded altar of an unknown god.
   902 | D:2      | Reached skill level 1 in Unarmed Combat
  1386 | D:3      | Found a runed translucent door.
  1401 | D:3      | Noticed a bullfrog
  1512 | D:3      | Found a runed translucent door.
  1536 | D:3      | Noticed Tizio's ghost (amateur MiFi)
  1584 | D:3      | HP: 1/29 [poisoned by an adder]
  1585 | D:3      | Succumbed to an adder's poison

Illustrated notes

Levels and vault maps discovered:
D:1:      lightli_arrival_boilingwater, layout_rooms
D:2:      layout_loops_ring, shapermc_ecumenical_altar_venn, basic_altar
D:3:      layout_loops_corners, ebering_ghost_sewer_f,
          kennysheep_generic_room_8, uniq_pargi

Skill      XL: |  1  2  3 |
---------------+----------+-----
Polearms       | 3 |  3.8
Unarmed Combat | 1 |  1.8
Fighting       | |  3.0
Spellcasting   | |  1.0
Fire Magic     | |  2.6

Action                     || total
---------------------------++-------
  Melee: Spear             ||    80
         Unarmed           ||    71
         Punch             ||     1
 Invoke: Fiery Armour      ||     2
   Stab: Sleeping          ||     1
 Armour: Robe              ||    74
  Dodge: Dodged            ||    99
